 Dungeon Crawl Stone Soup version 0.25.0-37-gb73750e0fb (webtiles) character file.

Game seed: 2974526221335358932

159 Ethylacetat the Poker (level 5, 0/41 HPs)
             Began as a Demonspawn Gladiator on July 8, 2020.
             Slain by an orc priest
             ... wielding a +0 dagger
              (2 damage)
             ... on level 4 of the Dungeon.
             The game lasted 00:05:00 (2928 turns).

Ethylacetat the Poker (Demonspawn Gladiator)        Turns: 2928, Time: 00:05:02

Health: 0/41       AC:  3    Str: 15    XL:     5   Next: 17%
Magic:  5/5        EV: 14    Int: 10    God:
Gold:   149        SH:  0    Dex: 14    Spells: 4/4 levels left

rFire    . . .     SeeInvis .   a - +0 trident
rCold    . . .     Gourm    .   (no shield)
rNeg     . . .     Faith    .   b - +0 leather armour
rPois    .         Spirit   .   (helmet restricted)
rElec    .         Reflect  .   (no cloak)
rCorr    .         Harm     .   (no gloves)
MR       .....                  (no boots)
Stlth    ..........             g - amulet of magic regeneration
HPRegen  0.13/turn              o - ring of attention (curse)
MPRegen  0.34/turn              (no ring)

@: no status effects
A: antennae 1, repulsion field 1, demonic guardian 1
a: no special abilities


You were on level 4 of the Dungeon.
You were not hungry.

You visited 1 branch of the dungeon, and saw 4 of its levels.

You collected 149 gold pieces.

Inventory:

Hand Weapons
 a - a +0 trident (weapon)
Missiles
 d - 3 throwing nets (quivered)
Armour
 b - a +0 leather armour (worn)
Jewellery
 g - an amulet of magic regeneration (around neck)
 o - a cursed ring of attention (left hand)
 p - an uncursed ring of protection from magic {unknown}
Scrolls
 c - a scroll of remove curse {unknown}
 h - 2 scrolls of identify {unknown}
 j - 2 scrolls of fog {unknown}
 k - 2 scrolls of teleportation {unknown}
 l - a scroll of immolation {unknown}
 m - a scroll of enchant weapon {unknown}
 s - a scroll of amnesia {unknown}
Potions
 e - a potion of cancellation {unknown}
 i - a potion of invisibility {unknown}
 q - a potion of flight {unknown}
 r - 2 potions of stabbing {unknown}
Comestibles
 f - 5 rations


   Skills:
 + Level 3.4 Fighting
 * Level 4.7 Polearms
 - Level 1.7 Throwing
 - Level 2.6 Dodging


You had 4 spell levels left.
You didn't know any spells.
Your spell library was empty.

Dungeon Overview and Level Annotations

Branches:
Dungeon (4/15)
 Temple: D:4-7

Altars:
Nemelex Xobeh
Qazlal


Innate Abilities, Weirdness & Mutations

You have a pair of small antennae on your head.
You are surrounded by a mild repulsion field. (EV +2)
A weak demonic guardian rushes to your aid.


Message History

You see here an arrow.
The centaur shoots an arrow.
The arrow hits you!
An orc comes into view. It is wielding a +0 flail.
An orc priest comes into view.
The centaur shoots an arrow.
The arrow hits you!
* * * LOW HITPOINT WARNING * * *
Found a ration.
Found a sparkling altar of Nemelex Xobeh.
You see here an arrow.
You are too injured to fight recklessly!
You are too injured to fight recklessly!
You are too injured to fight recklessly!
You are too injured to fight recklessly!
The orc priest shouts!
You hit the orc priest.
The orc priest is moderately wounded.
The centaur shoots an arrow.
The arrow hits you!
* * * LOW HITPOINT WARNING * * *
The orc priest hits you with a +0 dagger.
You die...

.%........#
.o...o...#
........#
.......###
#.o......
#......#
#oo...#
#####5@...#
........<###
.........#
.......Z.#
........##
...c....#
........#
_.(.....#
.......


You could see a centaur, 2 orc priests, 3 orcs, an adder skeleton and a friendly
ufetubus (summoned).

Vanquished Creatures
  Terence (D:3)
  6 adders
  An ooze (D:1)
  2 worms
  3 dart slugs
  2 leopard geckos
  3 orcs (D:3)
  A ball python (D:1)
  5 bats
  4 giant cockroaches
  10 goblins
  5 hobgoblins
  6 jackals
  5 kobolds
  2 frilled lizards (D:2)
  10 rats
66 creatures vanquished.

Notes
Turn   | Place    | Note
-------+----------+-------------------------------------------
     0 | D:1      | Ethylacetat the Demonspawn Gladiator began the quest for
                  | the Orb.
     0 | D:1      | Reached XP level 1. HP: 16/16 MP: 1/1
     3 | D:1      | Noticed an electric eel
     3 | D:1      | Noticed an electric eel
    53 | D:1      | Reached skill level 3 in Polearms
   162 | D:1      | Gained mutation: You have a pair of small antennae on your
                  | head. [demonic ancestry]
   162 | D:1      | Reached XP level 2. HP: 14/22 MP: 2/2
   592 | D:1      | Gained mutation: You are surrounded by a mild repulsion
                  | field. (EV +2) [demonic ancestry]
   592 | D:1      | Reached XP level 3. HP: 28/28 MP: 3/3
  1135 | D:2      | You fall into a shaft and drop 2 floors!
  1384 | D:2      | Reached skill level 4 in Polearms
  1638 | D:2      | Reached XP level 4. HP: 34/34 MP: 4/4
  2591 | D:3      | Found a stormy altar of Qazlal.
  2819 | D:3      | Noticed Terence
  2832 | D:3      | Killed Terence
  2832 | D:3      | Gained mutation: A weak demonic guardian rushes to your
                  | aid. [demonic ancestry]
  2832 | D:3      | Reached XP level 5. HP: 29/41 MP: 5/5
  2926 | D:4      | Noticed a centaur
  2927 | D:4      | Found a sparkling altar of Nemelex Xobeh.
  2928 | D:4      | HP: 2/41 [centaur/arrow (8)]
  2928 | D:4      | Slain by an orc priest

Illustrated notes

Levels and vault maps discovered:
D:1:      arrival_aquarium_b, layout_basic
D:2:      layout_loops_cross, first_ration, chequers_serial_rivers_small_3
D:3:      layout_basic, grunt_qazlal_clouds, uniq_terence
D:4:      gammafunk_wand_slinger, layout_basic, fedhas_altar_4,
          overflow_temple_1_default, serial_shops, shop_coins, kennysheep_mini,
          shop, nicolae_shop_window_shopping, shop

Skill      XL: |  1  2  3  4 |
---------------+-------------+-----
Polearms       | 3 4 |  4.7
Fighting       | 3 |  3.4
Throwing       | |  1.7
Dodging        | |  2.6

Action                   |  1- 3 |  4- 6 || total
-------------------------+-------+-------++-------
Melee: Trident           |   117 |   116 ||   233
  Eat: Chunk             |     2 |     5 ||     7
Armor: Leather armour    |    31 |    21 ||    52
Dodge: Dodged            |    66 |    71 ||   137
